 Dungeon Crawl Stone Soup version 0.30-a0-777-ga9a30cbeda (webtiles) character file.

Game seed: 17634659893115649960

0 Esekla the Sneak (level 1, 11/11 HPs)
             Began as a Vine Stalker Delver on Feb 14, 2023.
             Quit the game on level 4 of the Dungeon on Feb 15, 2023.
             The game lasted 00:00:52 (99 turns).

Esekla the Sneak (Vine Stalker Delver)                Turns: 99, Time: 00:00:52

Health: 11/11      AC:  3    Str: 20    XL:     1   Next: 0%
Magic:  2/2        EV: 11    Int: 10    God:
Gold:   0          SH:  5    Dex: 15    Spells: 0/0 levels left

rFire   . . .      SeeInvis .    a - +0 falchion
rCold   . . .      Faith    .    (no shield)
rNeg    . . .      Spirit   +    b - +0 leather armour
rPois   .          Reflect  +    (no helmet)
rElec   .          Harm     .    (no cloak)
rCorr   .          Rampage  .    (no gloves)
Will    .....                    (no boots)
Stlth   +++                      h - amulet of reflection
HPRegen 0.21/turn                j - +6 ring of strength
MPRegen 0.08/turn                (no ring)

@: no status effects
A: fangs 2, magic shield, antimagic bite, no potion heal 2
a: no special abilities


You were on level 4 of the Dungeon.
You visited 1 branch of the dungeon, and saw 3 of its levels.

Inventory:

Hand Weapons
 a - a +0 falchion (weapon)
Armour
 b - a +0 leather armour (worn)
Jewellery
 h - an amulet of reflection (around neck)
 j - a +6 ring of strength (left hand)
Wands
 g - a wand of digging (3)
Scrolls
 c - a scroll of fog
 d - a scroll of identify {unknown}
 e - a scroll of fear
 i - a scroll of enchant armour {unknown}
Potions
 f - a potion of haste


   Skills:
 + Level 2.6 Fighting
 + Level 1.7 Long Blades
 + Level 1.5 Dodging
 + Level 6.0 Stealth


You couldn't memorise any spells.
You didn't know any spells.
Your spell library was empty.

Dungeon Overview and Level Annotations

Branches:
Dungeon (6/15)
 Temple: D:4-7

Altars:


Innate Abilities, Weirdness & Mutations

You have extremely sharp teeth.
When hurt, damage is shared between your health and your magic reserves.
Your bite disrupts and absorbs the magic of your enemies.
Potions cannot restore your health.


Message History

Welcome, Esekla the Vine Stalker Delver.
They say the Orb of Zot lies within this dungeon, but they say a lot of things.
Press ? for a list of commands and other information.
Found a small ruby amulet.
Found a stone staircase leading down and a stone staircase leading up.
An ogre comes into view. It is wielding a +0 giant club.
You hear a distant slurping noise.
h - an amulet of reflection You hear a distant slurping noise.
You open the door.
There is an open door here.
As you read the scroll of magic mapping, it crumbles to dust.
You feel aware of your surroundings.
There is a stone staircase leading down here.
You climb downwards.
Found a scroll labelled RYVOUH LYVI and a tubular ruby ring.
There is a stone staircase leading up here.
d - a scroll labelled RYVOUH LYVI;
i - a scroll labelled BIOHUMNAUC
j - a +6 ring of strength You feel stronger.
j - a +6 ring of strength (left hand)
You start putting on your amulet.
You continue putting on your amulet of reflection. x5
You finish putting on your amulet of reflection.
You feel a shielding aura gather around you.
h - an amulet of reflection (around neck)
Found a robe.
There is a stone staircase leading up here.
You climb upwards.
There is a stone staircase leading down here.
There is a stone staircase leading up here.
There is a stone staircase leading up here.
You climb upwards.
Found a stone staircase leading up.
There is a stone staircase leading down here.
Found 10 gold pieces.
Found a stone staircase leading up.
Okay, then.
Are you sure you want to abandon this character and quit the game? (Confirm with "yes".)

## .# .. .# ..<
###.###
.....####.....#
..#...........#
.....<.#.....#
.#...##.#.#####
...#.....@....#
#............#
##............#
#.............#
..#...........#
.###.........>#
..............#
.####....##.###
..........#.###


There were no monsters in sight!

Vanquished Creatures (others)
  A plant (D:4)
1 creature vanquished.

Notes
Turn   | Place    | Note
-------+----------+-------------------------------------------
     0 | D:5      | Esekla the Vine Stalker Delver began the quest for the Orb.
     0 | D:5      | Reached XP level 1. HP: 11/11 MP: 2/2
     2 | D:5      | Noticed an ogre
    99 | D:4      | Quit the game

Illustrated notes

Levels and vault maps discovered:
D:4:      layout_rooms, minmay_temple_entry_drinking_statues,
          serial_bayou_pond_c
D:5:      layout_gridville
D:6:      gammafunk_steamed_eel, layout_cave_pods, mainiacjoe_overflow_alcove_1

Action                     || total
---------------------------++-------
    Use: Scroll            ||     1

Table legend: (Time is in decaauts)
 A = Elapsed time spent in this place.
 B = Non-inter-level travel time spent in this place.
 C = Inter-level travel time spent in this place.
 D = Time resting spent in this place.
 E = Time spent auto-exploring this place.
 F = Levels seen in this place.
 G = Mean time per level.
                   A        B        C        D        E       F      G
               +--------+--------+--------+--------+--------+-----+--------+
         Total |     98 |     98 |      0 |      0 |      0 |   3 |   32.7 |
       Dungeon |     98 |     98 |      0 |      0 |      0 |   3 |   32.7 |
               +--------+--------+--------+--------+--------+-----+--------+

Top non-repeatable levels by time:
     D:6: 40 daAuts
     D:5: 34 daAuts
     D:4: 23 daAuts
